ST-PAUL TARANTULAS vs BALTIMORE EAGLES

Created - 28 novembre 2025 at 21:12

Goals
1 2 3 T
ST-PAUL TARANTULAS 1 0 0 1
BALTIMORE EAGLES 1 4 0 5
Shots
1 2 3 T
ST-PAUL TARANTULAS 8 10 5 23
BALTIMORE EAGLES 24 23 7 54

1st period

1. ST-PAUL TARANTULAS , Tristen Nielsen 3 (Blade Jenkins 7, Lucas Edmonds 3) at 0:24
2. BALTIMORE EAGLES , Jani Nyman 11 (Alex Petrovic 8, Owen Sillinger 8) at 3:39 (PP)

Penalties :
Anton Johansson (STP) for Hooking (Minor) at 1:10, Stevie Leskovar (STP) for Hooking (Minor) at 3:11, Hunter Drew (BAL) for High sticking (Minor) at 8:36

2nd period

3. BALTIMORE EAGLES , Brock McGinn 13 (Avery Hayes 13) at 8:26
4. BALTIMORE EAGLES , Brett Murray 9 (Brock McGinn 11, Cade Webber 4) at 9:43
5. BALTIMORE EAGLES , Brett Murray 10 (Avery Hayes 14) at 13:22 (PP)
6. BALTIMORE EAGLES , Jani Nyman 12 (Joakim Kemell 6) at 19:41 (SH)

Penalties :
Blade Jenkins (STP) for Roughing (Minor) at 0:54, Chas Sharpe (STP) for Holding (Minor) at 12:49, Brock McGinn (BAL) for High sticking (Minor) at 17:00, Austin Poganski (BAL) for Holding (Minor) at 18:56

3rd period

No Goal

Penalties :
Stevie Leskovar (STP) for Tripping (Minor) at 6:56, Ben Gleason (STP) for Roughing (Minor) at 7:39, Riley Sutter (STP) for Holding (Minor) at 10:33

Goalie Stats

Jacob Ingham (STP), 49 saves from 54 shots - (0,907), L, 2-12-0, 60:00 minutes
Jiri Patera (BAL), 22 saves from 23 shots - (0,957), W, 1-0-0, 60:00 minutes

Players Stats for ST-PAUL TARANTULAS

Player Name              G  A  P  +/- PIM S  H  SB GA TA FO     MP     PP MP  PK MP  
------------------------------------------------------------------------------------
Adam Ginning             0  0  0  -1  0   2  2  2  0  0  0/0    23:45   3:51   5:06 
Aidan McDonough          0  0  0  -2  0   2  2  0  0  0  1/5    15:55   1:57   0:00 
Anton Johansson          0  0  0   0  2   0  5  1  0  0  0/0    11:46   0:00   1:24 
Ben Gleason              0  0  0  -1  2   1  1  2  0  0  0/0    19:47   2:03   3:27 
Blade Jenkins            0  1  1   0  2   3  2  0  0  0  2/4    23:31   3:23   3:54 
Carson Rehkopf           0  0  0   0  0   0  0  0  0  0  1/3     3:14   0:00   0:16 
Chas Sharpe              0  0  0   0  2   0  0  0  0  0  0/0     4:57   0:00   0:00 
Chris Ortiz              0  0  0   0  0   1  0  0  0  0  0/0    10:23   0:00   0:00 
Cole Clayton             0  0  0  -1  0   0  0  0  0  0  0/0    23:43   3:51   5:04 
Connor Kurth             0  0  0   0  0   0  0  0  0  0  0/0    15:30   0:00   1:17 
Ethan Keppen             0  0  0   0  0   1  0  0  0  0  0/1    15:31   0:00   1:18 
Lucas Edmonds            0  1  1   0  0   4  1  0  0  0  0/0    17:14   3:57   0:00 
Riley Sutter             0  0  0  -2  2   0  3  0  0  0  17/29  18:11   1:57   2:17 
Ryan McGregor            0  0  0  -2  0   3  1  0  0  0  0/2    19:04   1:57   3:19 
Stevie Leskovar          0  0  0   0  4   0  1  2  0  0  0/0     5:26   0:00   0:30 
Tristen Nielsen          1  0  1   0  0   2  0  0  0  0  23/35  25:55   3:57   5:43 
Ty Glover                0  0  0   0  0   1  3  0  0  0  9/17   14:57   0:34   0:00 
Tyson Hinds              0  0  0  -1  0   3  2  5  0  0  0/0    20:08   2:03   3:48 

Players Stats for BALTIMORE EAGLES

Player Name              G  A  P  +/- PIM S  H  SB GA TA FO     MP     PP MP  PK MP  
------------------------------------------------------------------------------------
Alex Kannok Leipert      0  0  0   3  0   0  1  1  0  0  0/0    27:05   5:04   2:19 
Alex Petrovic            0  1  1  -1  0   2  2  3  0  0  0/0    29:03   4:16   3:35 
Austin Poganski          0  0  0   0  2   4  2  1  0  0  0/1    17:55   4:28   1:17 
Avery Hayes              0  2  2   1  0   3  0  0  0  0  13/33  19:35   5:12   0:07 
Brett Murray             2  0  2   1  0   8  4  0  0  0  2/2    23:36   5:12   4:08 
Brock McGinn             1  1  2   1  2   6  1  2  0  0  1/4    24:07   4:02   2:29 
Cade Webber              0  1  1   3  0   1  6  2  0  0  0/0    25:48   4:48   2:19 
Caleb Jones              0  0  0   0  0   0  0  0  0  0  0/0     2:58   0:36   0:00 
Hunter Drew              0  0  0   0  2   0  1  1  0  0  0/0    11:01   0:00   0:00 
Jani Nyman               2  0  2   1  0   17 3  1  0  0  3/5    26:42   4:12   1:43 
Joakim Kemell            0  1  1   1  0   1  0  0  0  0  3/6    12:42   0:00   2:00 
Matthew Nieto            0  0  0   0  0   0  0  0  0  0  0/0     0:16   0:16   0:00 
Owen Sillinger           0  1  1   0  0   1  2  0  0  0  12/23  16:38   4:28   0:00 
Rhett Gardner            0  0  0   0  0   2  0  0  0  0  4/8     7:18   0:00   0:00 
Robert Hagg              0  0  0  -1  0   0  2  1  0  0  0/0    24:04   4:36   3:35 
Roman Ahcan              0  0  0   0  0   5  0  0  0  0  5/14   10:42   0:00   0:00 
Wilmer Skoog             0  0  0   0  0   1  1  0  0  0  0/0     7:12   1:10   0:00 
Yegor Sidorov            0  0  0   0  0   3  0  0  0  0  0/0     7:18   0:00   0:00 

3 Stars

1 - Brett Murray (BAL)
2 - Jani Nyman (BAL)
3 - Cade Webber (BAL)

Power Play

ST-PAUL TARANTULAS - 0 on 3 Attempt(s) - 0,00%
BALTIMORE EAGLES - 2 on 7 Attempt(s) - 28,57%

Penalty Kill

ST-PAUL TARANTULAS - 5 on 7 Attempt(s) - 71,43% - Score 0 goal in Penalty Kill
BALTIMORE EAGLES - 3 on 3 Attempt(s) - 100,00% - Score 1 goal in Penalty Kill

Team Stat

ST-PAUL TARANTULAS - Hits : 23 - Faceoff Wins : 53 - Blocked Shots : 12 - Penalty Minutes : 14
BALTIMORE EAGLES - Hits : 25 - Faceoff Wins : 43 - Blocked Shots : 12 - Penalty Minutes : 6

Official

Referees : Ian Walsh and Stephen Hiff
Linesman : Vaughan Rody and Derek Wahl

Game Notes

No Game Note

ST-PAUL TARANTULAS

5 vs 5 Forward 
   Center                   Left Wing                Right Wing               Time % Phy DF OF 
 1 Tristen Nielsen          Blade Jenkins            Lucas Edmonds            36     1   2  2  
 2 Riley Sutter             Ryan McGregor            Aidan McDonough          31     1   2  2  
 3 Ty Glover                Ethan Keppen             Connor Kurth             23     1   2  2  
 4 Carson Rehkopf           Tristen Nielsen          Blade Jenkins            10     1   2  2  

5 vs 5 Defense 
   Defense                  Defense                                           Time % Phy DF OF 
 1 Adam Ginning             Cole Clayton                                      36     1   2  2  
 2 Tyson Hinds              Ben Gleason                                       31     1   2  2  
 3 Chris Ortiz              Anton Johansson                                   23     1   2  2  
 4 Stevie Leskovar          Chas Sharpe                                       10     1   2  2  

PowerPlay Forward 
   Center                   Left Wing                Right Wing               Time % Phy DF OF 
 1 Tristen Nielsen          Blade Jenkins            Lucas Edmonds            55     1   2  2  
 2 Riley Sutter             Ryan McGregor            Aidan McDonough          45     1   2  2  

PowerPlay Defense
   Defense                  Defense                                           Time % Phy DF OF 
 1 Adam Ginning             Cole Clayton                                      55     1   2  2  
 2 Tyson Hinds              Ben Gleason                                       45     1   2  2  

Penalty Kill 4 Players Forward 
   Center                   Wing                     Time % Phy DF OF 
 1 Tristen Nielsen          Blade Jenkins            55     1   2  2  
 2 Riley Sutter             Ryan McGregor            45     1   2  2  

Penalty Kill 4 Players Defense
   Defense                  Defense                  Time % Phy DF OF 
 1 Adam Ginning             Cole Clayton             55     1   2  2  
 2 Tyson Hinds              Ben Gleason              45     1   2  2  

Penalty Kill - 3 Players Forward 
   Forward                                           Time % Phy DF OF 
 1 Tristen Nielsen                                   55     1   2  2  
 2 Blade Jenkins                                     45     1   2  2  

Penalty Kill - 3 Players Defense
   Defense                  Defense                  Time % Phy DF OF 
 1 Adam Ginning             Cole Clayton             55     1   2  2  
 2 Tyson Hinds              Ben Gleason              45     1   2  2  

4 vs 4 Forward 
   Center                   Wing                     Time % Phy DF OF 
 1 Tristen Nielsen          Blade Jenkins            55     1   2  2  
 2 Riley Sutter             Ryan McGregor            45     1   2  2  

4 vs 4 Defense
   Defense                  Defense                  Time % Phy DF OF 
 1 Adam Ginning             Cole Clayton             55     1   2  2  
 2 Tyson Hinds              Ben Gleason              45     1   2  2  

Last Minutes Offensive
   Center                   Left Wing                Right Wing               Defense                  Defense                  
   Tristen Nielsen          Blade Jenkins            Lucas Edmonds            Adam Ginning             Cole Clayton             

Last Minutes Defensive
   Center                   Left Wing                Right Wing               Defense                  Defense                  
   Tristen Nielsen          Blade Jenkins            Lucas Edmonds            Adam Ginning             Cole Clayton             

Goaltenders
Starting : Jacob Ingham             
Backup : Keith Petruzzelli        

Extra Forwards
Normal : Ty Glover, Ethan Keppen, Connor Kurth - PP : Ty Glover, Ethan Keppen - PK : Connor Kurth
Extra Defensemen
Normal : Chris Ortiz, Anton Johansson, Stevie Leskovar - PP : Chris Ortiz - PK : Anton Johansson, Stevie Leskovar
Penalty Shots
Tristen Nielsen, Blade Jenkins, Riley Sutter, Ryan McGregor, Ty Glover

Scratches
Axel Landen (Healthy), Eamon Powell (Healthy), Mathieu de St. Phalle (Healthy), Tarun Fizer (Healthy), Cameron Whitehead (Healthy)
Nolan Maier (Healthy)

BALTIMORE EAGLES

5 vs 5 Forward 
   Center                   Left Wing                Right Wing               Time % Phy DF OF 
 1 Avery Hayes              Brock McGinn             Brett Murray             36     1   2  2  
 2 Owen Sillinger           Jani Nyman               Austin Poganski          31     1   2  2  
 3 Roman Ahcan              Jani Nyman               Joakim Kemell            23     1   2  2  
 4 Rhett Gardner            Yegor Sidorov            Brock McGinn             10     1   2  2  

5 vs 5 Defense 
   Defense                  Defense                                           Time % Phy DF OF 
 1 Alex Petrovic            Robert Hagg                                       36     1   2  2  
 2 Cade Webber              Alex Kannok Leipert                               31     1   2  2  
 3 Alex Petrovic            Hunter Drew                                       23     1   2  2  
 4 Alex Petrovic            Robert Hagg                                       10     1   2  2  

PowerPlay Forward 
   Center                   Left Wing                Right Wing               Time % Phy DF OF 
 1 Avery Hayes              Brock McGinn             Brett Murray             55     1   2  2  
 2 Owen Sillinger           Jani Nyman               Austin Poganski          45     1   2  2  

PowerPlay Defense
   Defense                  Defense                                           Time % Phy DF OF 
 1 Alex Petrovic            Robert Hagg                                       55     1   2  2  
 2 Cade Webber              Alex Kannok Leipert                               45     1   2  2  

Penalty Kill 4 Players Forward 
   Center                   Wing                     Time % Phy DF OF 
 1 Brock McGinn             Brett Murray             55     1   2  2  
 2 Jani Nyman               Austin Poganski          45     1   2  2  

Penalty Kill 4 Players Defense
   Defense                  Defense                  Time % Phy DF OF 
 1 Alex Petrovic            Robert Hagg              55     1   2  2  
 2 Cade Webber              Alex Kannok Leipert      45     1   2  2  

Penalty Kill - 3 Players Forward 
   Forward                                           Time % Phy DF OF 
 1 Brock McGinn                                      55     1   2  2  
 2 Brett Murray                                      45     1   2  2  

Penalty Kill - 3 Players Defense
   Defense                  Defense                  Time % Phy DF OF 
 1 Alex Petrovic            Robert Hagg              55     1   2  2  
 2 Cade Webber              Alex Kannok Leipert      45     1   2  2  

4 vs 4 Forward 
   Center                   Wing                     Time % Phy DF OF 
 1 Brock McGinn             Brett Murray             55     1   2  2  
 2 Avery Hayes              Austin Poganski          45     1   2  2  

4 vs 4 Defense
   Defense                  Defense                  Time % Phy DF OF 
 1 Alex Petrovic            Robert Hagg              55     1   2  2  
 2 Cade Webber              Alex Kannok Leipert      45     1   2  2  

Last Minutes Offensive
   Center                   Left Wing                Right Wing               Defense                  Defense                  
   Avery Hayes              Brock McGinn             Brett Murray             Alex Petrovic            Robert Hagg              

Last Minutes Defensive
   Center                   Left Wing                Right Wing               Defense                  Defense                  
   Avery Hayes              Brock McGinn             Brett Murray             Alex Petrovic            Robert Hagg              

Goaltenders
Starting : Jiri Patera              
Backup : Ben Gaudreau             

Extra Forwards
Normal : Wilmer Skoog, Jani Nyman, Joakim Kemell - PP : Wilmer Skoog, Jani Nyman - PK : Joakim Kemell
Extra Defensemen
Normal : Alex Petrovic, Hunter Drew, Cade Webber - PP : Alex Petrovic - PK : Hunter Drew, Cade Webber
Penalty Shots
Brock McGinn, Brett Murray, Avery Hayes, Austin Poganski, Jani Nyman

Scratches
Ben Jones (Healthy), Jaden Lipinski (Healthy), Luke Tuch (Healthy), Graham Sward (Healthy), Will MacKinnon (Healthy)
Riley Hughes (Healthy), T.J. Tynan (Healthy), Nikita Nesterenko (Healthy), Ozzy Wiesblatt (Healthy)

% Time on Ice - ST-PAUL TARANTULAS

Lines # - Real PCT - Wanted PCT - Time Play
Normal Forward
1 - 30% - 36% - 13:17
2 - 31% - 31% - 13:58
3 - 32% - 23% - 14:13
4 - 7% - 10% - 2:58
Normal Defense
1 - 33% - 36% - 14:48
2 - 32% - 31% - 14:17
3 - 23% - 23% - 10:23
4 - 11% - 10% - 4:58
PP Forward
1 - 67% - 55% - 3:57
2 - 33% - 45% - 1:57
PP Defense
1 - 65% - 55% - 3:51
2 - 35% - 45% - 2:03
PK Forward
1 - 60% - 55% - 5:03
2 - 40% - 45% - 3:21
PK Defense
1 - 53% - 55% - 4:26
2 - 47% - 45% - 3:58
PK3 Forward
1 - 53% - 55% - 0:40
2 - 47% - 45% - 0:36
PK3 Defense
1 - 53% - 55% - 0:40
2 - 47% - 45% - 0:36
44 Forward
1 - 0% - 55%
2 - 0% - 45%
44 Defense
1 - 0% - 55%
2 - 0% - 45%
Last Minute Offensive  - 0:00
Last Minute Defensive  - 0:00
Total
Forward - 60:00
Defense - 60:00

% Time on Ice - BALTIMORE EAGLES

Lines # - Real PCT - Wanted PCT - Time Play
Normal Forward
1 - 32% - 36% - 14:16
2 - 27% - 31% - 12:10
3 - 24% - 23% - 10:42
4 - 16% - 10% - 7:18
Normal Defense
1 - 34% - 36% - 15:07
2 - 42% - 31% - 18:39
3 - 22% - 23% - 9:54
4 - 2% - 10% - 0:46
PP Forward
1 - 54% - 55% - 5:12
2 - 46% - 45% - 4:28
PP Defense
1 - 50% - 55% - 4:52
2 - 50% - 45% - 4:48
PK Forward
1 - 71% - 55% - 4:08
2 - 29% - 45% - 1:43
PK Defense
1 - 60% - 55% - 3:32
2 - 40% - 45% - 2:19
PK3 Forward
1 - 100% - 55% - 0:03
2 - 0% - 45% - 0:00
PK3 Defense
1 - 100% - 55% - 0:03
2 - 0% - 45% - 0:00
44 Forward
1 - 0% - 55%
2 - 0% - 45%
44 Defense
1 - 0% - 55%
2 - 0% - 45%
Last Minute Offensive  - 0:00
Last Minute Defensive  - 0:00
Total
Forward - 60:00
Defense - 60:00

Play-by-Play

1st period


0:01 of 1st period - Avery Hayes wins face-off versus Tristen Nielsen in neutral zone.
0:12 of 1st period - Shot by Brett Murray.
0:12 of 1st period - Stopped by Jacob Ingham with a rebound.
0:24 of 1st period - Shot by Tristen Nielsen.
0:24 of 1st period - Goal by Tristen Nielsen - ST-PAUL TARANTULAS : 1 - BALTIMORE EAGLES : 0.
0:25 of 1st period - Owen Sillinger wins face-off versus Aidan McDonough in neutral zone.
0:38 of 1st period - Shot by Owen Sillinger.
0:38 of 1st period - Shot Blocked by Tyson Hinds.
0:40 of 1st period - Shot by Cade Webber.
0:40 of 1st period - Stopped by Jacob Ingham without a rebound.
0:41 of 1st period - Roman Ahcan wins face-off versus Ethan Keppen in ST-PAUL TARANTULAS zone.
0:41 of 1st period - Jani Nyman is hit by Anton Johansson and loses puck.
0:48 of 1st period - Shot by Roman Ahcan.
0:48 of 1st period - Stopped by Jacob Ingham with a rebound.
0:50 of 1st period - Shot by Alex Petrovic.
0:50 of 1st period - Stopped by Jacob Ingham with a rebound.
1:00 of 1st period - Roman Ahcan is hit by Anton Johansson and loses puck.
1:10 of 1st period - Minor Penalty to Anton Johansson for Hooking.
1:11 of 1st period - Tristen Nielsen wins face-off versus Avery Hayes in ST-PAUL TARANTULAS zone.
1:21 of 1st period - Icing by Brock McGinn.
1:22 of 1st period - Riley Sutter wins face-off versus Avery Hayes in BALTIMORE EAGLES zone.
1:28 of 1st period - Icing by Brock McGinn.
1:29 of 1st period - Brett Murray wins face-off versus Tristen Nielsen in BALTIMORE EAGLES zone.
1:36 of 1st period - Shot by Brock McGinn.
1:36 of 1st period - Stopped by Jacob Ingham with a rebound.
1:38 of 1st period - Shot by Brock McGinn.
1:38 of 1st period - Shot Misses the Net.
2:24 of 1st period - Shot by Austin Poganski.
2:24 of 1st period - Stopped by Jacob Ingham with a rebound.
2:26 of 1st period - Shot by Jani Nyman.
2:26 of 1st period - Stopped by Jacob Ingham with a rebound.
2:28 of 1st period - Shot by Alex Petrovic.
2:28 of 1st period - Shot Misses the Net.
2:54 of 1st period - Shot by Jani Nyman.
2:54 of 1st period - Stopped by Jacob Ingham without a rebound.
2:55 of 1st period - Avery Hayes wins face-off versus Riley Sutter in ST-PAUL TARANTULAS zone.
3:11 of 1st period - Minor Penalty to Stevie Leskovar for Hooking.
3:12 of 1st period - Riley Sutter wins face-off versus Owen Sillinger in ST-PAUL TARANTULAS zone.
3:31 of 1st period - Shot by Jani Nyman.
3:31 of 1st period - Shot Misses the Net.
3:33 of 1st period - Shot by Alex Petrovic.
3:33 of 1st period - Shot Misses the Net.
3:35 of 1st period - Shot by Alex Petrovic.
3:35 of 1st period - Stopped by Jacob Ingham with a rebound.
3:37 of 1st period - Shot by Jani Nyman.
3:37 of 1st period - Stopped by Jacob Ingham with a rebound.
3:39 of 1st period - Shot by Jani Nyman.
3:39 of 1st period - Goal by Jani Nyman - ST-PAUL TARANTULAS : 1 - BALTIMORE EAGLES : 1.
3:40 of 1st period - Avery Hayes wins face-off versus Ty Glover in neutral zone.
3:47 of 1st period - Off-side.
3:48 of 1st period - Ty Glover wins face-off versus Avery Hayes in neutral zone.
4:26 of 1st period - Shot by Brock McGinn.
4:26 of 1st period - Shot Misses the Net.
4:55 of 1st period - Jani Nyman is hit by Ty Glover and loses puck.
5:10 of 1st period - Shot by Joakim Kemell.
5:10 of 1st period - Shot Misses the Net.
5:27 of 1st period - Shot by Lucas Edmonds.
5:27 of 1st period - Shot Misses the Net.
6:04 of 1st period - Shot by Aidan McDonough.
6:04 of 1st period - Shot Blocked by Brock McGinn.
6:08 of 1st period - Shot by Ryan McGregor.
6:08 of 1st period - Stopped by Jiri Patera with a rebound.
6:10 of 1st period - Shot by Ben Gleason.
6:10 of 1st period - Shot Misses the Net.
6:12 of 1st period - Shot by Tyson Hinds.
6:12 of 1st period - Stopped by Jiri Patera with a rebound.
6:14 of 1st period - Shot by Ben Gleason.
6:14 of 1st period - Shot Misses the Net.
6:24 of 1st period - Shot by Ben Gleason.
6:24 of 1st period - Shot Blocked by Alex Petrovic.
6:26 of 1st period - Shot by Ben Gleason.
6:26 of 1st period - Shot Blocked by Alex Petrovic.
6:45 of 1st period - Shot by Tristen Nielsen.
6:45 of 1st period - Shot Misses the Net.
7:07 of 1st period - Chris Ortiz is hit by Austin Poganski and loses puck.
7:17 of 1st period - Shot by Jani Nyman.
7:17 of 1st period - Deflect By Austin Poganski.
7:17 of 1st period - Stopped by Jacob Ingham without a rebound.
7:18 of 1st period - Riley Sutter wins face-off versus Roman Ahcan in ST-PAUL TARANTULAS zone.
8:22 of 1st period - Ty Glover is hit by Hunter Drew and loses puck.
8:36 of 1st period - Minor Penalty to Hunter Drew for High sticking.
8:37 of 1st period - Tristen Nielsen wins face-off versus Brock McGinn in BALTIMORE EAGLES zone.
8:42 of 1st period - Shot by Blade Jenkins.
8:42 of 1st period - Stopped by Jiri Patera without a rebound.
8:43 of 1st period - Brett Murray wins face-off versus Tristen Nielsen in BALTIMORE EAGLES zone.
9:02 of 1st period - Icing by Adam Ginning.
9:03 of 1st period - Jani Nyman wins face-off versus Tristen Nielsen in ST-PAUL TARANTULAS zone.
9:03 of 1st period - Austin Poganski is hit by Adam Ginning and loses puck.
9:20 of 1st period - Shot by Lucas Edmonds.
9:20 of 1st period - Stopped by Jiri Patera with a rebound.
9:22 of 1st period - Shot by Cole Clayton.
9:22 of 1st period - Deflect By Lucas Edmonds.
9:22 of 1st period - Shot Misses the Net.
9:49 of 1st period - Shot by Tyson Hinds.
9:49 of 1st period - Stopped by Jiri Patera with a rebound.
9:51 of 1st period - Shot by Aidan McDonough.
9:51 of 1st period - Shot Misses the Net.
9:53 of 1st period - Shot by Riley Sutter.
9:53 of 1st period - Shot Misses the Net.
9:55 of 1st period - Shot by Riley Sutter.
9:55 of 1st period - Shot Blocked by Robert Hagg.
11:02 of 1st period - Shot by Yegor Sidorov.
11:02 of 1st period - Deflect By Rhett Gardner.
11:02 of 1st period - Stopped by Jacob Ingham without a rebound.
11:03 of 1st period - Roman Ahcan wins face-off versus Carson Rehkopf in ST-PAUL TARANTULAS zone.
11:28 of 1st period - Icing by Blade Jenkins.
11:29 of 1st period - Carson Rehkopf wins face-off versus Avery Hayes in ST-PAUL TARANTULAS zone.
11:38 of 1st period - Shot by Blade Jenkins.
11:38 of 1st period - Deflect By Tristen Nielsen.
11:38 of 1st period - Shot Blocked by Brock McGinn.
11:41 of 1st period - Icing by Brock McGinn.
11:42 of 1st period - Avery Hayes wins face-off versus Riley Sutter in BALTIMORE EAGLES zone.
11:44 of 1st period - Icing by Brock McGinn.
11:45 of 1st period - Riley Sutter wins face-off versus Avery Hayes in BALTIMORE EAGLES zone.
11:56 of 1st period - Adam Ginning is hit by Brett Murray and loses puck.
12:49 of 1st period - Shot by Ethan Keppen.
12:49 of 1st period - Shot Misses the Net.
14:10 of 1st period - Shot by Joakim Kemell.
14:10 of 1st period - Shot Misses the Net.
14:12 of 1st period - Shot by Roman Ahcan.
14:12 of 1st period - Shot Misses the Net.
14:14 of 1st period - Shot by Roman Ahcan.
14:14 of 1st period - Stopped by Jacob Ingham without a rebound.
14:15 of 1st period - Riley Sutter wins face-off versus Roman Ahcan in ST-PAUL TARANTULAS zone.
14:24 of 1st period - Jani Nyman is hit by Aidan McDonough.
14:32 of 1st period - Shot by Jani Nyman.
14:32 of 1st period - Shot Misses the Net.
14:34 of 1st period - Shot by Jani Nyman.
14:34 of 1st period - Stopped by Jacob Ingham with a rebound.
14:36 of 1st period - Shot by Jani Nyman.
14:36 of 1st period - Stopped by Jacob Ingham with a rebound.
14:38 of 1st period - Shot by Jani Nyman.
14:38 of 1st period - Shot Misses the Net.
15:06 of 1st period - Shot by Wilmer Skoog.
15:06 of 1st period - Stopped by Jacob Ingham without a rebound.
15:07 of 1st period - Avery Hayes wins face-off versus Ty Glover in ST-PAUL TARANTULAS zone.
15:22 of 1st period - Shot by Ethan Keppen.
15:22 of 1st period - Shot Misses the Net.
15:52 of 1st period - Brock McGinn is hit by Blade Jenkins and loses puck.
15:57 of 1st period - Shot by Blade Jenkins.
15:57 of 1st period - Shot Misses the Net.
16:02 of 1st period - Lucas Edmonds is hit by Robert Hagg and loses puck.
16:06 of 1st period - Blade Jenkins is hit by Alex Petrovic and loses puck.
16:13 of 1st period - Shot by Tristen Nielsen.
16:13 of 1st period - Deflect By Lucas Edmonds.
16:13 of 1st period - Stopped by Jiri Patera without a rebound.
16:14 of 1st period - Owen Sillinger wins face-off versus Riley Sutter in BALTIMORE EAGLES zone.
16:14 of 1st period - Owen Sillinger is hit by Ryan McGregor.
16:37 of 1st period - Austin Poganski is hit by Adam Ginning and loses puck.
17:14 of 1st period - Shot by Roman Ahcan.
17:14 of 1st period - Stopped by Jacob Ingham with a rebound.
17:21 of 1st period - Off-side.
17:22 of 1st period - Rhett Gardner wins face-off versus Ty Glover in neutral zone.
17:51 of 1st period - Shot by Ethan Keppen.
17:51 of 1st period - Shot Hit the Post.
17:53 of 1st period - Shot by Chris Ortiz.
17:53 of 1st period - Stopped by Jiri Patera without a rebound.
17:54 of 1st period - Tristen Nielsen wins face-off versus Roman Ahcan in BALTIMORE EAGLES zone.
18:00 of 1st period - Icing by Jani Nyman.
18:01 of 1st period - Tristen Nielsen wins face-off versus Roman Ahcan in BALTIMORE EAGLES zone.
18:06 of 1st period - Shot by Lucas Edmonds.
18:06 of 1st period - Shot Misses the Net.
18:29 of 1st period - Shot by Jani Nyman.
18:29 of 1st period - Shot Blocked by Ben Gleason.
18:31 of 1st period - Shot by Jani Nyman.
18:31 of 1st period - Shot Blocked by Tyson Hinds.
18:33 of 1st period - Shot by Roman Ahcan.
18:33 of 1st period - Shot Misses the Net.
18:35 of 1st period - Shot by Roman Ahcan.
18:35 of 1st period - Deflect By Jani Nyman.
18:35 of 1st period - Stopped by Jacob Ingham with a rebound.
19:02 of 1st period - Shot by Avery Hayes.
19:02 of 1st period - Stopped by Jacob Ingham with a rebound.
19:04 of 1st period - Shot by Brock McGinn.
19:04 of 1st period - Deflect By Brett Murray.
19:04 of 1st period - Shot Misses the Net.
19:25 of 1st period - Icing by Ben Gleason.
19:26 of 1st period - Tristen Nielsen wins face-off versus Jani Nyman in ST-PAUL TARANTULAS zone.
19:26 of 1st period - Tristen Nielsen is hit by Owen Sillinger.
19:42 of 1st period - Shot by Owen Sillinger.
19:42 of 1st period - Stopped by Jacob Ingham with a rebound.
19:44 of 1st period - Shot by Jani Nyman.
19:44 of 1st period - Stopped by Jacob Ingham with a rebound.
19:46 of 1st period - Shot by Jani Nyman.
19:46 of 1st period - Stopped by Jacob Ingham without a rebound.
19:47 of 1st period - Ty Glover wins face-off versus Rhett Gardner in ST-PAUL TARANTULAS zone.
19:52 of 1st period - Shot by Yegor Sidorov.
19:52 of 1st period - Stopped by Jacob Ingham without a rebound.
19:53 of 1st period - Riley Sutter wins face-off versus Owen Sillinger in ST-PAUL TARANTULAS zone.
Goals for this period are 1 for ST-PAUL TARANTULAS vs 1 for BALTIMORE EAGLES.
Shots for this period are 8 for ST-PAUL TARANTULAS vs 24 for BALTIMORE EAGLES.

2nd period


0:01 of 2nd period - Tristen Nielsen wins face-off versus Jani Nyman in neutral zone.
0:04 of 2nd period - Shot by Tristen Nielsen.
0:04 of 2nd period - Shot Misses the Net.
0:07 of 2nd period - Icing by Alex Petrovic.
0:08 of 2nd period - Tristen Nielsen wins face-off versus Owen Sillinger in BALTIMORE EAGLES zone.
0:11 of 2nd period - Shot by Tristen Nielsen.
0:11 of 2nd period - Shot Misses the Net.
0:35 of 2nd period - Icing by Owen Sillinger.
0:36 of 2nd period - Owen Sillinger wins face-off versus Riley Sutter in BALTIMORE EAGLES zone.
0:36 of 2nd period - Owen Sillinger is hit by Riley Sutter.
0:41 of 2nd period - Off-side.
0:42 of 2nd period - Riley Sutter wins face-off versus Avery Hayes in neutral zone.
0:47 of 2nd period - Shot by Ryan McGregor.
0:47 of 2nd period - Stopped by Jiri Patera without a rebound.
0:48 of 2nd period - Tristen Nielsen wins face-off versus Avery Hayes in BALTIMORE EAGLES zone.
0:49 of 2nd period - Shot by Lucas Edmonds.
0:49 of 2nd period - Shot Misses the Net.
0:54 of 2nd period - Minor Penalty to Blade Jenkins for Roughing.
0:55 of 2nd period - Tristen Nielsen wins face-off versus Avery Hayes in ST-PAUL TARANTULAS zone.
1:17 of 2nd period - Shot by Brett Murray.
1:17 of 2nd period - Stopped by Jacob Ingham with a rebound.
1:19 of 2nd period - Shot by Brock McGinn.
1:19 of 2nd period - Stopped by Jacob Ingham without a rebound.
1:20 of 2nd period - Tristen Nielsen wins face-off versus Owen Sillinger in ST-PAUL TARANTULAS zone.
1:20 of 2nd period - Ben Gleason is hit by Jani Nyman and loses puck.
1:45 of 2nd period - Shot by Austin Poganski.
1:45 of 2nd period - Deflect By Jani Nyman.
1:45 of 2nd period - Shot Misses the Net.
1:54 of 2nd period - Icing by Cade Webber.
1:55 of 2nd period - Owen Sillinger wins face-off versus Riley Sutter in BALTIMORE EAGLES zone.
2:06 of 2nd period - Shot by Austin Poganski.
2:06 of 2nd period - Stopped by Jacob Ingham without a rebound.
2:07 of 2nd period - Tristen Nielsen wins face-off versus Avery Hayes in ST-PAUL TARANTULAS zone.
2:16 of 2nd period - Adam Ginning is hit by Brett Murray and loses puck.
3:30 of 2nd period - Shot by Jani Nyman.
3:30 of 2nd period - Stopped by Jacob Ingham without a rebound.
3:31 of 2nd period - Rhett Gardner wins face-off versus Tristen Nielsen in ST-PAUL TARANTULAS zone.
3:36 of 2nd period - Shot by Rhett Gardner.
3:36 of 2nd period - Stopped by Jacob Ingham without a rebound.
3:37 of 2nd period - Owen Sillinger wins face-off versus Ty Glover in ST-PAUL TARANTULAS zone.
3:49 of 2nd period - Owen Sillinger is hit by Anton Johansson and loses puck.
4:28 of 2nd period - Shot by Brock McGinn.
4:28 of 2nd period - Stopped by Jacob Ingham without a rebound.
4:29 of 2nd period - Avery Hayes wins face-off versus Tristen Nielsen in ST-PAUL TARANTULAS zone.
4:32 of 2nd period - Shot by Avery Hayes.
4:32 of 2nd period - Stopped by Jacob Ingham without a rebound.
4:33 of 2nd period - Blade Jenkins wins face-off versus Avery Hayes in ST-PAUL TARANTULAS zone.
5:14 of 2nd period - Lucas Edmonds is hit by Cade Webber and loses puck.
5:32 of 2nd period - Icing by Ben Gleason.
5:33 of 2nd period - Owen Sillinger wins face-off versus Aidan McDonough in ST-PAUL TARANTULAS zone.
5:34 of 2nd period - Shot by Jani Nyman.
5:34 of 2nd period - Stopped by Jacob Ingham without a rebound.
5:35 of 2nd period - Owen Sillinger wins face-off versus Riley Sutter in ST-PAUL TARANTULAS zone.
6:02 of 2nd period - Shot by Owen Sillinger.
6:02 of 2nd period - Shot Hit the Post.
6:04 of 2nd period - Shot by Jani Nyman.
6:04 of 2nd period - Stopped by Jacob Ingham with a rebound.
6:31 of 2nd period - Shot by Brock McGinn.
6:31 of 2nd period - Shot Misses the Net.
6:33 of 2nd period - Shot by Brock McGinn.
6:33 of 2nd period - Shot Misses the Net.
7:16 of 2nd period - Shot by Blade Jenkins.
7:16 of 2nd period - Shot Blocked by Jani Nyman.
7:18 of 2nd period - Shot by Lucas Edmonds.
7:18 of 2nd period - Deflect By Tristen Nielsen.
7:18 of 2nd period - Shot Misses the Net.
7:41 of 2nd period - Icing by Hunter Drew.
7:42 of 2nd period - Roman Ahcan wins face-off versus Ty Glover in BALTIMORE EAGLES zone.
7:42 of 2nd period - Roman Ahcan is hit by Ty Glover.
7:53 of 2nd period - Shot by Ethan Keppen.
7:53 of 2nd period - Shot Misses the Net.
7:55 of 2nd period - Shot by Ethan Keppen.
7:55 of 2nd period - Shot Misses the Net.
7:57 of 2nd period - Shot by Chas Sharpe.
7:57 of 2nd period - Shot Misses the Net.
8:07 of 2nd period - Shot by Ethan Keppen.
8:07 of 2nd period - Stopped by Jiri Patera without a rebound.
8:08 of 2nd period - Avery Hayes wins face-off versus Carson Rehkopf in BALTIMORE EAGLES zone.
8:16 of 2nd period - Shot by Tristen Nielsen.
8:16 of 2nd period - Stopped by Jiri Patera without a rebound.
8:17 of 2nd period - Avery Hayes wins face-off versus Blade Jenkins in BALTIMORE EAGLES zone.
8:19 of 2nd period - Brock McGinn is hit by Blade Jenkins and loses puck.
8:26 of 2nd period - Shot by Brock McGinn.
8:26 of 2nd period - Goal by Brock McGinn - ST-PAUL TARANTULAS : 1 - BALTIMORE EAGLES : 2.
8:27 of 2nd period - Ty Glover wins face-off versus Avery Hayes in neutral zone.
8:43 of 2nd period - Shot by Brett Murray.
8:43 of 2nd period - Stopped by Jacob Ingham without a rebound.
8:44 of 2nd period - Tristen Nielsen wins face-off versus Austin Poganski in ST-PAUL TARANTULAS zone.
8:44 of 2nd period - Tristen Nielsen is hit by Owen Sillinger.
8:54 of 2nd period - Shot by Tristen Nielsen.
8:54 of 2nd period - Deflect By Lucas Edmonds.
8:54 of 2nd period - Stopped by Jiri Patera with a rebound.
8:56 of 2nd period - Shot by Chris Ortiz.
8:56 of 2nd period - Shot Blocked by Austin Poganski.
9:10 of 2nd period - Shot by Lucas Edmonds.
9:10 of 2nd period - Stopped by Jiri Patera without a rebound.
9:11 of 2nd period - Riley Sutter wins face-off versus Avery Hayes in BALTIMORE EAGLES zone.
9:12 of 2nd period - Shot by Aidan McDonough.
9:12 of 2nd period - Shot Misses the Net.
9:31 of 2nd period - Shot by Brett Murray.
9:31 of 2nd period - Shot Misses the Net.
9:35 of 2nd period - Shot by Brett Murray.
9:35 of 2nd period - Shot Misses the Net.
9:43 of 2nd period - Shot by Brett Murray.
9:43 of 2nd period - Goal by Brett Murray - ST-PAUL TARANTULAS : 1 - BALTIMORE EAGLES : 3.
9:44 of 2nd period - Tristen Nielsen wins face-off versus Owen Sillinger in neutral zone.
9:59 of 2nd period - Shot by Tristen Nielsen.
9:59 of 2nd period - Shot Misses the Net.
10:05 of 2nd period - Shot by Lucas Edmonds.
10:05 of 2nd period - Shot Blocked by Alex Petrovic.
10:07 of 2nd period - Shot by Tyson Hinds.
10:07 of 2nd period - Stopped by Jiri Patera without a rebound.
10:08 of 2nd period - Ty Glover wins face-off versus Rhett Gardner in BALTIMORE EAGLES zone.
10:10 of 2nd period - Ethan Keppen is hit by Cade Webber.
10:34 of 2nd period - Icing by Ethan Keppen.
10:35 of 2nd period - Owen Sillinger wins face-off versus Ty Glover in ST-PAUL TARANTULAS zone.
10:37 of 2nd period - Jani Nyman is hit by Anton Johansson and loses puck.
10:45 of 2nd period - Owen Sillinger is hit by Anton Johansson.
10:47 of 2nd period - Shot by Austin Poganski.
10:47 of 2nd period - Shot Misses the Net.
10:59 of 2nd period - Shot by Jani Nyman.
10:59 of 2nd period - Stopped by Jacob Ingham with a rebound.
12:18 of 2nd period - Shot by Brett Murray.
12:18 of 2nd period - Shot Misses the Net.
12:26 of 2nd period - Shot by Brett Murray.
12:26 of 2nd period - Deflect By Avery Hayes.
12:26 of 2nd period - Shot Misses the Net.
12:28 of 2nd period - Shot by Brock McGinn.
12:28 of 2nd period - Shot Hit the Post.
12:30 of 2nd period - Shot by Cade Webber.
12:30 of 2nd period - Deflect By Brett Murray.
12:30 of 2nd period - Shot Blocked by Tyson Hinds.
12:32 of 2nd period - Shot by Brock McGinn.
12:32 of 2nd period - Stopped by Jacob Ingham without a rebound.
12:33 of 2nd period - Rhett Gardner wins face-off versus Riley Sutter in ST-PAUL TARANTULAS zone.
12:34 of 2nd period - Shot by Yegor Sidorov.
12:34 of 2nd period - Stopped by Jacob Ingham with a rebound.
12:49 of 2nd period - Minor Penalty to Chas Sharpe for Holding.
12:50 of 2nd period - Tristen Nielsen wins face-off versus Avery Hayes in ST-PAUL TARANTULAS zone.
13:14 of 2nd period - Shot by Brett Murray.
13:14 of 2nd period - Stopped by Jacob Ingham without a rebound.
13:15 of 2nd period - Avery Hayes wins face-off versus Ryan McGregor in ST-PAUL TARANTULAS zone.
13:20 of 2nd period - Shot by Avery Hayes.
13:20 of 2nd period - Shot Blocked by Adam Ginning.
13:22 of 2nd period - Shot by Brett Murray.
13:22 of 2nd period - Goal by Brett Murray - ST-PAUL TARANTULAS : 1 - BALTIMORE EAGLES : 4.
13:23 of 2nd period - Ty Glover wins face-off versus Rhett Gardner in neutral zone.
14:01 of 2nd period - Off-side.
14:02 of 2nd period - Riley Sutter wins face-off versus Roman Ahcan in neutral zone.
14:04 of 2nd period - Ryan McGregor is hit by Cade Webber and loses puck.
14:12 of 2nd period - Aidan McDonough is hit by Alex Kannok Leipert and loses puck.
14:29 of 2nd period - Shot by Aidan McDonough.
14:29 of 2nd period - Stopped by Jiri Patera with a rebound.
14:46 of 2nd period - Off-side.
14:47 of 2nd period - Avery Hayes wins face-off versus Tristen Nielsen in neutral zone.
15:31 of 2nd period - Off-side.
15:32 of 2nd period - Owen Sillinger wins face-off versus Ty Glover in neutral zone.
16:12 of 2nd period - Off-side.
16:13 of 2nd period - Aidan McDonough wins face-off versus Avery Hayes in neutral zone.
16:26 of 2nd period - Shot by Brett Murray.
16:26 of 2nd period - Stopped by Jacob Ingham without a rebound.
16:27 of 2nd period - Roman Ahcan wins face-off versus Tristen Nielsen in ST-PAUL TARANTULAS zone.
16:42 of 2nd period - Shot by Roman Ahcan.
16:42 of 2nd period - Stopped by Jacob Ingham with a rebound.
16:44 of 2nd period - Shot by Roman Ahcan.
16:44 of 2nd period - Stopped by Jacob Ingham without a rebound.
16:45 of 2nd period - Riley Sutter wins face-off versus Owen Sillinger in ST-PAUL TARANTULAS zone.
16:58 of 2nd period - Shot by Jani Nyman.
16:58 of 2nd period - Stopped by Jacob Ingham without a rebound.
16:59 of 2nd period - Tristen Nielsen wins face-off versus Brock McGinn in ST-PAUL TARANTULAS zone.
16:59 of 2nd period - Tristen Nielsen is hit by Brett Murray.
17:00 of 2nd period - Minor Penalty to Brock McGinn for High sticking.
17:01 of 2nd period - Joakim Kemell wins face-off versus Tristen Nielsen in BALTIMORE EAGLES zone.
17:15 of 2nd period - Lucas Edmonds is hit by Robert Hagg and loses puck.
17:32 of 2nd period - Shot by Tristen Nielsen.
17:32 of 2nd period - Shot Misses the Net.
17:34 of 2nd period - Shot by Cole Clayton.
17:34 of 2nd period - Shot Misses the Net.
17:36 of 2nd period - Shot by Cole Clayton.
17:36 of 2nd period - Shot Blocked by Cade Webber.
17:38 of 2nd period - Shot by Adam Ginning.
17:38 of 2nd period - Stopped by Jiri Patera with a rebound.
17:40 of 2nd period - Shot by Adam Ginning.
17:40 of 2nd period - Shot Misses the Net.
17:42 of 2nd period - Shot by Cole Clayton.
17:42 of 2nd period - Shot Blocked by Cade Webber.
18:06 of 2nd period - Icing by Aidan McDonough.
18:07 of 2nd period - Avery Hayes wins face-off versus Riley Sutter in ST-PAUL TARANTULAS zone.
18:16 of 2nd period - Shot by Jani Nyman.
18:16 of 2nd period - Stopped by Jacob Ingham without a rebound.
18:17 of 2nd period - Tristen Nielsen wins face-off versus Joakim Kemell in ST-PAUL TARANTULAS zone.
18:21 of 2nd period - Off-side.
18:22 of 2nd period - Riley Sutter wins face-off versus Joakim Kemell in neutral zone.
18:29 of 2nd period - Shot by Ben Gleason.
18:29 of 2nd period - Stopped by Jiri Patera without a rebound.
18:30 of 2nd period - Tristen Nielsen wins face-off versus Joakim Kemell in BALTIMORE EAGLES zone.
18:30 of 2nd period - Tristen Nielsen is hit by Cade Webber.
18:48 of 2nd period - Off-side.
18:49 of 2nd period - Joakim Kemell wins face-off versus Riley Sutter in neutral zone.
18:49 of 2nd period - Joakim Kemell is hit by Riley Sutter.
18:56 of 2nd period - Minor Penalty to Austin Poganski for Holding.
18:57 of 2nd period - Joakim Kemell wins face-off versus Tristen Nielsen in BALTIMORE EAGLES zone.
19:32 of 2nd period - Shot by Lucas Edmonds.
19:32 of 2nd period - Shot Hit the Post.
19:34 of 2nd period - Shot by Adam Ginning.
19:34 of 2nd period - Stopped by Jiri Patera without a rebound.
19:35 of 2nd period - Jani Nyman wins face-off versus Riley Sutter in BALTIMORE EAGLES zone.
19:35 of 2nd period - Jani Nyman is hit by Aidan McDonough.
19:41 of 2nd period - Shot by Jani Nyman.
19:41 of 2nd period - Goal by Jani Nyman - ST-PAUL TARANTULAS : 1 - BALTIMORE EAGLES : 5.
19:42 of 2nd period - Jani Nyman wins face-off versus Aidan McDonough in neutral zone.
19:50 of 2nd period - Off-side.
19:51 of 2nd period - Brock McGinn wins face-off versus Riley Sutter in neutral zone.
Goals for this period are 0 for ST-PAUL TARANTULAS vs 4 for BALTIMORE EAGLES.
Shots for this period are 10 for ST-PAUL TARANTULAS vs 23 for BALTIMORE EAGLES.

3rd period


0:01 of 3rd period - Tristen Nielsen wins face-off versus Brock McGinn in neutral zone.
0:57 of 3rd period - Off-side.
0:58 of 3rd period - Ty Glover wins face-off versus Owen Sillinger in neutral zone.
1:05 of 3rd period - Shot by Ty Glover.
1:05 of 3rd period - Stopped by Jiri Patera without a rebound.
1:06 of 3rd period - Riley Sutter wins face-off versus Owen Sillinger in BALTIMORE EAGLES zone.
1:13 of 3rd period - Shot by Ryan McGregor.
1:13 of 3rd period - Stopped by Jiri Patera without a rebound.
1:14 of 3rd period - Owen Sillinger wins face-off versus Aidan McDonough in BALTIMORE EAGLES zone.
1:14 of 3rd period - Owen Sillinger is hit by Riley Sutter.
1:34 of 3rd period - Shot by Austin Poganski.
1:34 of 3rd period - Shot Misses the Net.
1:37 of 3rd period - Jani Nyman is hit by Ben Gleason and loses puck.
1:41 of 3rd period - Jani Nyman is hit by Tyson Hinds.
1:45 of 3rd period - Shot by Jani Nyman.
1:45 of 3rd period - Shot Misses the Net.
1:47 of 3rd period - Shot by Austin Poganski.
1:47 of 3rd period - Deflect By Jani Nyman.
1:47 of 3rd period - Stopped by Jacob Ingham without a rebound.
1:48 of 3rd period - Tristen Nielsen wins face-off versus Avery Hayes in ST-PAUL TARANTULAS zone.
2:16 of 3rd period - Shot by Brett Murray.
2:16 of 3rd period - Deflect By Brock McGinn.
2:16 of 3rd period - Stopped by Jacob Ingham without a rebound.
2:17 of 3rd period - Ty Glover wins face-off versus Roman Ahcan in ST-PAUL TARANTULAS zone.
2:45 of 3rd period - Shot by Ethan Keppen.
2:45 of 3rd period - Shot Misses the Net.
2:59 of 3rd period - Off-side.
3:00 of 3rd period - Tristen Nielsen wins face-off versus Avery Hayes in neutral zone.
3:02 of 3rd period - Blade Jenkins is hit by Brett Murray and loses puck.
3:17 of 3rd period - Shot by Brett Murray.
3:17 of 3rd period - Deflect By Avery Hayes.
3:17 of 3rd period - Stopped by Jacob Ingham without a rebound.
3:18 of 3rd period - Riley Sutter wins face-off versus Rhett Gardner in ST-PAUL TARANTULAS zone.
3:42 of 3rd period - Icing by Ben Gleason.
3:43 of 3rd period - Riley Sutter wins face-off versus Owen Sillinger in ST-PAUL TARANTULAS zone.
3:43 of 3rd period - Riley Sutter is hit by Austin Poganski.
4:10 of 3rd period - Icing by Alex Kannok Leipert.
4:11 of 3rd period - Owen Sillinger wins face-off versus Tristen Nielsen in BALTIMORE EAGLES zone.
4:11 of 3rd period - Owen Sillinger is hit by Lucas Edmonds.
4:21 of 3rd period - Shot by Blade Jenkins.
4:21 of 3rd period - Stopped by Jiri Patera without a rebound.
4:22 of 3rd period - Ty Glover wins face-off versus Avery Hayes in BALTIMORE EAGLES zone.
4:36 of 3rd period - Brett Murray is hit by Ty Glover and loses puck.
5:41 of 3rd period - Shot by Tristen Nielsen.
5:41 of 3rd period - Shot Misses the Net.
6:20 of 3rd period - Ryan McGregor is hit by Alex Petrovic and loses puck.
6:27 of 3rd period - Shot by Aidan McDonough.
6:27 of 3rd period - Stopped by Jiri Patera without a rebound.
6:28 of 3rd period - Blade Jenkins wins face-off versus Avery Hayes in BALTIMORE EAGLES zone.
6:40 of 3rd period - Brock McGinn is hit by Stevie Leskovar and loses puck.
6:56 of 3rd period - Minor Penalty to Stevie Leskovar for Tripping.
6:57 of 3rd period - Riley Sutter wins face-off versus Owen Sillinger in ST-PAUL TARANTULAS zone.
6:57 of 3rd period - Riley Sutter is hit by Jani Nyman.
7:16 of 3rd period - Jani Nyman is hit by Tyson Hinds.
7:39 of 3rd period - Minor Penalty to Ben Gleason for Roughing.
7:40 of 3rd period - Tristen Nielsen wins face-off versus Avery Hayes in ST-PAUL TARANTULAS zone.
8:08 of 3rd period - Shot by Avery Hayes.
8:08 of 3rd period - Shot Blocked by Adam Ginning.
8:36 of 3rd period - Shot by Owen Sillinger.
8:36 of 3rd period - Deflect By Austin Poganski.
8:36 of 3rd period - Shot Blocked by Anton Johansson.
9:38 of 3rd period - Shot by Matthew Nieto.
9:38 of 3rd period - Shot Blocked by Stevie Leskovar.
10:00 of 3rd period - Shot by Ty Glover.
10:00 of 3rd period - Shot Blocked by Hunter Drew.
10:33 of 3rd period - Minor Penalty to Riley Sutter for Holding.
10:34 of 3rd period - Owen Sillinger wins face-off versus Blade Jenkins in ST-PAUL TARANTULAS zone.
11:24 of 3rd period - Off-side.
11:25 of 3rd period - Avery Hayes wins face-off versus Tristen Nielsen in neutral zone.
12:42 of 3rd period - Icing by Alex Petrovic.
12:43 of 3rd period - Rhett Gardner wins face-off versus Ty Glover in BALTIMORE EAGLES zone.
12:48 of 3rd period - Stevie Leskovar is hit by Wilmer Skoog and loses puck.
13:09 of 3rd period - Shot by Rhett Gardner.
13:09 of 3rd period - Deflect By Yegor Sidorov.
13:09 of 3rd period - Stopped by Jacob Ingham with a rebound.
13:11 of 3rd period - Shot by Hunter Drew.
13:11 of 3rd period - Shot Misses the Net.
13:29 of 3rd period - Stevie Leskovar is hit by Brock McGinn and loses puck.
13:34 of 3rd period - Shot by Brett Murray.
13:34 of 3rd period - Stopped by Jacob Ingham without a rebound.
13:35 of 3rd period - Tristen Nielsen wins face-off versus Roman Ahcan in ST-PAUL TARANTULAS zone.
13:43 of 3rd period - Shot by Tristen Nielsen.
13:43 of 3rd period - Shot Blocked by Alex Kannok Leipert.
13:45 of 3rd period - Shot by Blade Jenkins.
13:45 of 3rd period - Stopped by Jiri Patera without a rebound.
13:46 of 3rd period - Avery Hayes wins face-off versus Ryan McGregor in BALTIMORE EAGLES zone.
14:01 of 3rd period - Aidan McDonough is hit by Cade Webber and loses puck.
14:51 of 3rd period - Shot by Austin Poganski.
14:51 of 3rd period - Stopped by Jacob Ingham without a rebound.
14:52 of 3rd period - Tristen Nielsen wins face-off versus Roman Ahcan in ST-PAUL TARANTULAS zone.
16:25 of 3rd period - Off-side.
16:26 of 3rd period - Riley Sutter wins face-off versus Roman Ahcan in neutral zone.
16:26 of 3rd period - Riley Sutter is hit by Jani Nyman.
16:47 of 3rd period - Shot by Joakim Kemell.
16:47 of 3rd period - Stopped by Jacob Ingham with a rebound.
16:49 of 3rd period - Shot by Jani Nyman.
16:49 of 3rd period - Shot Blocked by Tyson Hinds.
16:51 of 3rd period - Shot by Hunter Drew.
16:51 of 3rd period - Shot Blocked by Ben Gleason.
16:53 of 3rd period - Shot by Jani Nyman.
16:53 of 3rd period - Shot Misses the Net.
16:55 of 3rd period - Shot by Roman Ahcan.
16:55 of 3rd period - Shot Blocked by Tyson Hinds.
17:15 of 3rd period - Shot by Yegor Sidorov.
17:15 of 3rd period - Shot Blocked by Stevie Leskovar.
17:51 of 3rd period - Icing by Alex Kannok Leipert.
17:52 of 3rd period - Ty Glover wins face-off versus Avery Hayes in BALTIMORE EAGLES zone.
17:55 of 3rd period - Shot by Ethan Keppen.
17:55 of 3rd period - Shot Misses the Net.
18:07 of 3rd period - Shot by Adam Ginning.
18:07 of 3rd period - Shot Misses the Net.
18:41 of 3rd period - Off-side.
18:42 of 3rd period - Roman Ahcan wins face-off versus Riley Sutter in neutral zone.
18:47 of 3rd period - Icing by Ben Gleason.
18:48 of 3rd period - Riley Sutter wins face-off versus Owen Sillinger in ST-PAUL TARANTULAS zone.
19:05 of 3rd period - Shot by Owen Sillinger.
19:05 of 3rd period - Shot Misses the Net.
19:49 of 3rd period - Tristen Nielsen is hit by Cade Webber and loses puck.
Goals for this period are 0 for ST-PAUL TARANTULAS vs 0 for BALTIMORE EAGLES.
Shots for this period are 5 for ST-PAUL TARANTULAS vs 7 for BALTIMORE EAGLES.